 Dungeon Crawl Stone Soup version 0.31.0-12-g77e489cdc1 (webtiles) character file.

Game seed: 10718678612208346072

386 Arctor the Magician (level 6, -1/32 HPs)
             Began as a Deep Elf Fire Elementalist on Feb 22, 2024.
             Was an Initiate of Vehumet.
             Slain by monsoonserge's ghost (2 damage)
             ... on level 4 of the Dungeon.
             The game lasted 00:04:57 (4896 turns).

Arctor the Magician (Deep Elf Fire Elementalist)    Turns: 4896, Time: 00:04:58

Health: -1/32      AC:  4    Str:  5    XL:     6   Next: 48%
Magic:  6/15       EV: 14    Int: 22    God:    Vehumet [......]
Gold:   178        SH:  0    Dex: 15    Spells: 11/14 levels left

rFire   . . .        s - +3 dagger (speed)
rCold   . . .        (no shield)
rNeg    . . .        a - +0 robe
rPois   .            e - +0 helmet
rElec   .            (no cloak)
rCorr   .            f - +0 pair of gloves
SInv    .            (no boots)
Will    .....        q - amulet of the acrobat
Stlth   +++          d - ring of flight
HPRegen 0.25/turn    (no ring)
MPRegen 0.14/turn

%: acrobat
@: flying
A: no striking features
a: Renounce Religion


You were on level 4 of the Dungeon.
You worshipped Vehumet.
Vehumet was noncommittal.
You visited 2 branches of the dungeon, and saw 5 of its levels.

You collected 178 gold pieces.

Inventory:

Hand Weapons
 r - a +1 dagger of venom
 s - a +3 dagger of speed (weapon)
Armour
 a - a +0 robe (worn)
 e - a +0 helmet (worn)
 f - a +0 pair of gloves (worn)
Jewellery
 d - a ring of flight (left hand)
 q - an amulet of the acrobat (around neck)
Scrolls
 c - a scroll of fear {unknown}
 g - 4 scrolls of identify {unknown}
 j - 2 scrolls of enchant armour {unknown}
 k - a scroll of summoning {unknown}
 l - a scroll of enchant weapon {unknown}
 n - a scroll of poison {unknown}
Potions
 b - a potion of magic
 h - 2 potions of heal wounds {unknown}
 i - 2 potions of haste {unknown}
 m - a potion of mutation {unknown}
 o - 4 potions of lignification {unknown}
 p - a potion of enlightenment {unknown}
 t - a potion of curing {unknown}


   Skills:
 + Level 4.4 Dodging
 + Level 4.5 Stealth
 + Level 4.8 Spellcasting
 + Level 3.2 Conjurations
 + Level 4.6 Fire Magic


You had 11 spell levels left.
You knew the following spells:

 Your Spells              Type           Power      Damage    Failure   Level
a - Foxfire               Conj/Fire      88%        2x1d8     1%          1
b - Scorch                Fire           50%        2d7       2%          2

Your spell library contained the following spells:

 Spells                   Type           Power      Damage    Failure   Level
 Inner Flame              Hex/Fire       15%        N/A       12%         3
 Volatile Blastmotes      Fire/Tloc      30%        2d12      12%         3
 Flame Wave               Conj/Fire      22%        2d8       21%         4
 Call Canine Familiar     Summ           5%         N/A       30%         3
 Sigil of Binding         Hex            5%         N/A       30%         3
 Dimensional Bullseye     Hex/Tloc       2%         N/A       71%         4


Dungeon Overview and Level Annotations

Branches:
Dungeon (4/15)             Temple (1/1) D:4

Altars:
Ashenzari
Cheibriados
Dithmenos
Elyvilon
Gozag
Hepliaklqana
Kikubaaqudgha
Nemelex Xobeh
Okawaru
Qazlal
Ru
Sif Muna
Trog
Uskayaw
Vehumet
Wu Jian
Xom
Yredelemnul
The Shining One

Annotations:
D:4 monsoonserge's ghost, novice DjFE


Message History

Monsoonserge's ghost hits you. Monsoonserge's ghost freezes you.
You are too injured to fight recklessly!
Casting: Scorch (safe; 2% risk of failure)
Confirm with . or Enter, or press ? or * to list all spells.
Flames lash monsoonserge's ghost.
Monsoonserge's ghost resists.
Monsoonserge's ghost is moderately damaged.
Monsoonserge's ghost closely misses you.
Unknown command.
You are too injured to fight recklessly!
Casting: Scorch (safe; 2% risk of failure)
Confirm with . or Enter, or press ? or * to list all spells.
Flames lash monsoonserge's ghost.
Monsoonserge's ghost resists.
Monsoonserge's ghost is moderately damaged.
Monsoonserge's ghost hits you. Monsoonserge's ghost freezes you.
Unknown command.
You are too injured to fight recklessly!
Casting: Scorch (safe; 2% risk of failure)
Confirm with . or Enter, or press ? or * to list all spells.
You conjure some foxfire!
Monsoonserge's ghost hits you but does no damage.
Casting: Foxfire (safe; 1% risk of failure)
Confirm with . or Enter, or press ? or * to list all spells.
You conjure some foxfire!
The foxfire hits monsoonserge's ghost.
Monsoonserge's ghost resists.
Monsoonserge's ghost is moderately damaged.
The foxfire hits monsoonserge's ghost.
Monsoonserge's ghost resists.
Monsoonserge's ghost is heavily damaged.
Monsoonserge's ghost hits you.
* * * LOW HITPOINT WARNING * * *
Monsoonserge's ghost freezes you.
* * * LOW HITPOINT WARNING * * *
Casting: Foxfire (safe; 1% risk of failure)
Confirm with . or Enter, or press ? or * to list all spells.
You conjure some foxfire!
The foxfire hits monsoonserge's ghost.
Monsoonserge's ghost resists.
Monsoonserge's ghost is heavily damaged.
Monsoonserge's ghost hits you.
* * * LOW HITPOINT WARNING * * *
Monsoonserge's ghost freezes you.
You die...

#.## #.....##.#### ### #.#
#######..####....# # #.#
##.8∩8∩#### #.##.# # #.#
#∩......# #..#.## #.#
#8$.8.$8# ##.#..### #.#
#..$_...# ####.##...# #.#
###$..$.### #......##.##
#.###.##''W##.###......##.##
#.#........@v.......)..##.#.
#.#..#....vv§...............
#.##.###..###..........#...#
#.##..##.###.............#..
#.###..................#####
#.# #.########.........# #
#.# #.# #.........# ### #.#
#.# #...#####.###.. #.# #.#
#...# #.##..#


You could see monsoonserge's ghost (combustible, ally target).

Vanquished Creatures
  An ogre (D:3)
  A bullfrog (D:4)
  A jelly (D:4)
  2 hounds (D:4)
  A sleepcap (D:4)
  4 gnolls (D:4)
  2 adders
  2 dart slugs (D:1)
  A ribbon worm (D:4)
  9 orcs
  4 bats
  3 endoplasms
  2 giant cockroaches
  7 goblins
  5 hobgoblins
  4 jackals (D:3)
  4 quokkas
  4 ball pythons
  5 kobolds
  4 rats
66 creatures vanquished.

Vanquished Creatures (others)
  350 foxfires
350 creatures vanquished.

Grand Total: 416 creatures vanquished

Notes
Turn   | Place    | Note
-------+----------+-------------------------------------------
     0 | D:1      | Arctor the Deep Elf Fire Elementalist began the quest for
                  | the Orb.
     0 | D:1      | Reached XP level 1. HP: 10/10 MP: 6/6
   777 | D:1      | Reached XP level 2. HP: 15/15 MP: 5/8
  1209 | D:2      | Learned a level 2 spell: Scorch
  1679 | D:2      | Found a sparkling altar of Nemelex Xobeh.
  1716 | D:2      | Reached XP level 3. HP: 19/19 MP: 5/9
  2389 | D:3      | Noticed an ogre
  2753 | D:3      | Found a stormy altar of Qazlal.
  3109 | D:3      | Killed an ogre
  3110 | D:3      | Reached XP level 4. HP: 24/24 MP: 4/12
  3110 | D:3      | Reached XP level 5. HP: 28/28 MP: 4/13
  3338 | D:3      | Found a faded altar of an unknown god.
  4261 | D:4      | Reached XP level 6. HP: 31/32 MP: 5/14
  4340 | D:4      | Found a staircase to the Ecumenical Temple.
  4399 | Temple   | Entered the Ecumenical Temple
  4419 | Temple   | Became a worshipper of Vehumet
  4518 | D:4      | Found a runed translucent gate.
  4518 | D:4      | Found a runed translucent gate.
  4518 | D:4      | Found a runed translucent gate.
  4518 | D:4      | Found an opulent altar of Gozag.
  4518 | D:4      | Noticed monsoonserge's ghost (novice DjFE)
  4896 | D:4      | HP: 1/32 [monsoonserge's ghost (5)]
  4896 | D:4      | Slain by monsoonserge's ghost

Illustrated notes

Levels and vault maps discovered:
D:1:      nicolae_arrival_escape_room, layout_basic
D:2:      layout_basic, basic_altar
D:3:      layout_basic, grunt_qazlal_sundering,
          shapermc_ecumenical_altar_mp_vishouse
D:4:      layout_rooms, minmay_temple_entry_nine_rooms, ebering_ghost_gozag,
          cheibrodos_sewer_entry_bend
Temple:   mainiacjoe_temple_bowtie_tessellation

Skill      XL: |  1  2  3  4  5 |
---------------+----------------+-----
Stealth        | 3 4 |  4.5
Dodging        | 3 4 |  4.4
Conjurations   | 2 3 |  3.2
Spellcasting   | 4 |  4.8
Fire Magic     | 4 |  4.6

Action                     |  1- 3 |  4- 6 || total
---------------------------+-------+-------++-------
   Cast: Foxfire           |   129 |    88 ||   217
         Scorch            |     3 |    20 ||    23
    Use: Potion            |       |     1 ||     1
 Armour: Robe              |    11 |    28 ||    39
  Dodge: Dodged            |    20 |    27 ||    47
